 Dungeon Crawl Stone Soup version 0.26-a0-642-g67e9924 (webtiles) character file.

Game seed: 16791005314187716811

73 royokou the Conjurer (level 4, -1/27 HPs)
             Began as a Gargoyle Conjurer on Sept 22, 2020.
             Slain by a hobgoblin
             ... wielding a cursed +0 club
              (2 damage)
             ... on level 2 of the Dungeon.
             The game lasted 00:05:59 (1843 turns).

royokou the Conjurer (Gargoyle Conjurer)            Turns: 1843, Time: 00:06:00

Health: -1/27      AC: 13    Str: 12    XL:     4   Next: 27%
Magic:  7/7        EV:  5    Int: 18    God:
Gold:   73         SH:  0    Dex:  8    Spells: 6/7 levels left

rFire    . . .     SeeInvis .   m - +0 whip
rCold    . . .     Faith    .   (no shield)
rNeg     + . .     Spirit   .   c - +0 chain mail
rPois    ∞         Reflect  .   i - +0 helmet
rElec    +         Harm     .   (no cloak)
rCorr    .         Rampage  .   (no gloves)
MR       .....                  (no boots)
Stlth    ..........             (no amulet)
HPRegen  0.09/turn              (no ring)
MPRegen  0.10/turn              (no ring)

@: no status effects
A: negative energy resistance 1, electricity resistance, unbreathing,
petrification resistance, rot immunity, AC +3
a: no special abilities


You were on level 2 of the Dungeon.
You visited 1 branch of the dungeon, and saw 2 of its levels.

You collected 73 gold pieces.

Inventory:

Hand Weapons
 m - a +0 whip (weapon)
Armour
 a - a +0 robe
 c - a +0 chain mail (worn)
 i - a +0 helmet (worn)
Scrolls
 b - 2 scrolls of teleportation {unknown}
 f - a scroll of identify {unknown}
 h - a scroll of blinking {unknown}
 k - a scroll of fog {unknown}
Potions
 d - a potion of ambrosia {unknown}
 e - 2 potions of curing {unknown}
 g - a potion of degeneration {unknown}
 j - a potion of mutation {unknown}
 l - a potion of brilliance {unknown}


   Skills:
 + Level 2.8 Fighting
 + Level 2.7 Armour
 - Level 1.5 Dodging
 - Level 2.1 Stealth
 - Level 2.0 Spellcasting
 - Level 4.3 Conjurations


You had 6 spell levels left.
You knew the following spells:

 Your Spells              Type           Power        Failure   Level
a - Magic Dart            Conj           ###.         75%         1

Your spell library contained the following spells:

 Spells                   Type           Power        Failure   Level
 Searing Ray              Conj           ###...       87%         2
 Dazzling Flash           Conj/Hex       #.....       100%        3
 Fulminant Prism          Conj/Hex       #.........   100%        4
 Iskenderun's Mystic Bla  Conj/Tloc      #.......     100%        4


Dungeon Overview and Level Annotations

Branches:
Dungeon (2/15)

Altars:


Innate Abilities, Weirdness & Mutations

You are resistant to torment.
Your stone body is resilient. (AC +3)
You are immune to poison.
You resist negative energy. (rN+)
You are resistant to electric shocks. (rElec)
You can survive without breathing.
You are immune to petrification.
You are immune to rotting.


Message History

The gnoll hits you but does no damage.
You closely miss the gnoll.
The gnoll is heavily wounded.
The gnoll hits you with a +0 whip.
* * * LOW HITPOINT WARNING * * *
You closely miss the gnoll.
The gnoll is heavily wounded.
The gnoll hits you but does no damage.
You hit the gnoll.
The gnoll is almost dead.
The gnoll hits you with a +0 whip.
* * * LOW HITPOINT WARNING * * *
The gnoll hits you but does no damage.
You barely miss the gnoll.
The gnoll is almost dead.
The hobgoblin barely misses you. The gnoll hits you but does no damage.
You barely miss the gnoll.
The gnoll is almost dead.
The hobgoblin hits you with a cursed +0 club.
You die...

'(......... #..
...#........)# #..
#...##.........# #.)
#...##.........# #..
#.......(.<.†### ##..
#(...........### ...
................
######g###...........###
.......@g............#
.#####.###........######
......................
#.#.##.............(..
#.#..#................
#....#..g.............
........g.............
........)..>.......[....
..........#######.......


You could see a gnoll and a hobgoblin.

Vanquished Creatures
  3 gnolls (D:2)
  An adder (D:1)
  2 worms (D:2)
  A leopard gecko (D:1)
  A giant cockroach (D:2)
  4 goblins
  5 hobgoblins
  2 quokkas (D:2)
  A ball python (D:1)
  3 bats
  A frilled lizard (D:1)
  A kobold (D:2)
  6 rats
31 creatures vanquished.

Notes
Turn   | Place    | Note
-------+----------+-------------------------------------------
     0 | D:1      | royokou the Gargoyle Conjurer began the quest for the Orb.
     0 | D:1      | Reached XP level 1. HP: 10/10 MP: 3/3
   402 | D:1      | Reached skill level 1 in Fighting
   402 | D:1      | Reached skill level 1 in Armour
   423 | D:1      | Reached XP level 2. HP: 16/16 MP: 5/5
  1222 | D:1      | Reached XP level 3. HP: 8/21 MP: 0/6
  1822 | D:2      | Reached XP level 4. HP: 13/27 MP: 7/7
  1841 | D:2      | HP: 1/27 [gnoll/+0 whip (3)]
  1843 | D:2      | Slain by a hobgoblin

Illustrated notes

Levels and vault maps discovered:
D:1:      wheals_arrival_shading, layout_rooms
D:2:      layout_basic

Skill      XL: |  1  2 |
---------------+-------+-----
Fighting       | 1 2 |  2.8
Armour         | 1 2 |  2.7
Dodging        | |  1.5
Stealth        | |  2.1
Spellcasting   | |  2.0
Conjurations   | |  4.3

Action                   |  1- 3 |  4- 6 || total
-------------------------+-------+-------++-------
Melee: Unarmed           |    24 |       ||    24
       Short sword       |   141 |       ||   141
       Whip              |    33 |    20 ||    53
 Cast: Magic Dart        |     9 |       ||     9
Armor: Robe              |    18 |       ||    18
       Chain mail        |   138 |    21 ||   159
Dodge: Dodged            |    79 |     8 ||    87

Table legend: (Time is in decaauts)
 A = Elapsed time spent in this place.
 B = Non-inter-level travel time spent in this place.
 C = Inter-level travel time spent in this place.
 D = Time resting spent in this place.
 E = Time spent auto-exploring this place.
 F = Levels seen in this place.
 G = Mean time per level.
                   A        B        C        D        E       F      G
               +--------+--------+--------+--------+--------+-----+--------+
         Total |   1865 |   1847 |     18 |    736 |    651 |   2 |  932.5 |
       Dungeon |   1865 |   1847 |     18 |    736 |    651 |   2 |  932.5 |
               +--------+--------+--------+--------+--------+-----+--------+

Top non-repeatable levels by time:
     D:1: 1352 daAuts
     D:2: 512 daAuts
